 Dungeon Crawl Stone Soup version 0.26-a0-180-ge96aa7da28 (webtiles) character file.

Game seed: 17627025970576558880

602 keltmir the Charmwright (level 7, -4/56 HPs)
             Began as a Gnoll Skald on June 5, 2020.
             Was an Initiate of Okawaru.
             Slain by Prince Ribbit (15 damage)
             ... on level 5 of the Dungeon on July 3, 2020.
             The game lasted 00:15:33 (5490 turns).

keltmir the Charmwright (Gnoll Skald)               Turns: 5490, Time: 00:15:33

Health: -4/56      AC:  5    Str: 15    XL:     7   Next: 41%
Magic:  0/15       EV: 18    Int: 16    God:    Okawaru [......]
Gold:   336        SH:  0    Dex: 14    Spells: 13/17 levels left

rFire    . . .     SeeInvis .   q - +0 trident
rCold    + . .     Faith    .   (no shield)
rNeg     . . .     Spirit   +   b - +0 leather armour
rPois    .         Reflect  .   (no helmet)
rElec    .         Harm     .   (no cloak)
rCorr    .                      k - +0 pair of gloves
MR       .....                  s - +0 pair of boots
Stlth    ++........             a - amulet of guardian spirit
HPRegen  0.18/turn              o - +4 ring of evasion
MPRegen  0.14/turn              r - ring of protection from cold

@: very slightly contaminated
A: distributed training, fangs 1, strong nose
a: Renounce Religion


You were on level 5 of the Dungeon.
You worshipped Okawaru.
Okawaru was noncommittal.
You were not hungry.

You visited 2 branches of the dungeon, and saw 6 of its levels.

You collected 336 gold pieces.

Inventory:

Hand Weapons
 q - a +0 trident (weapon)
Missiles
 c - 6 boomerangs (quivered)
Armour
 b - a +0 leather armour (worn)
 k - a +0 pair of gloves (worn)
 s - a +0 pair of boots (worn)
Jewellery
 a - an amulet of guardian spirit (around neck)
 o - a +4 ring of evasion (left hand)
 r - a ring of protection from cold (right hand)
Wands
 m - a wand of digging (5)
Scrolls
 i - a scroll of fog {unknown}
 l - 2 scrolls of immolation
 n - 2 scrolls of teleportation
 p - 2 scrolls of enchant armour
Potions
 e - 3 potions of heal wounds
 f - 2 potions of brilliance
 g - 2 potions of curing
 h - a potion of lignification {unknown}
 j - 2 potions of haste
Comestibles
 d - 8 rations


   Skills:
 + Level 5.2 Fighting
 + Level 2.4 Short Blades
 + Level 2.4 Long Blades
 + Level 2.4 Axes
 + Level 2.4 Maces & Flails
 + Level 5.2 Polearms
 + Level 2.4 Staves
 + Level 2.4 Slings
 + Level 2.4 Bows
 + Level 2.4 Crossbows
 + Level 2.4 Throwing
 + Level 3.6 Armour
 + Level 5.2 Dodging
 + Level 2.4 Stealth
 + Level 2.4 Shields
 + Level 2.4 Unarmed Combat
 + Level 5.6 Spellcasting
 + Level 2.0 Conjurations
 + Level 2.0 Hexes
 + Level 5.8 Charms
 + Level 2.0 Summonings
 + Level 2.0 Necromancy
 + Level 2.0 Translocations
 + Level 2.0 Transmutations
 + Level 2.0 Fire Magic
 + Level 2.0 Ice Magic
 + Level 2.0 Air Magic
 + Level 2.0 Earth Magic
 + Level 2.0 Poison Magic
 + Level 2.7 Invocations
 + Level 2.4 Evocations


You had 13 spell levels left.
You knew the following spells:

 Your Spells              Type           Power        Failure   Level  Hunger
a - Infusion              Chrm           ###.         1%          1    None
b - Spectral Weapon       Hex/Chrm       ###.....     11%         3    ###....

Your spell library contained the following spells:

 Spells                   Type           Power        Failure   Level  Hunger
 Song of Slaying          Chrm           ###.....     2%          2    #......
 Shroud of Golubria       Chrm/Tloc      ###...       5%          2    #......
 Ozocubu's Armour         Chrm/Ice       ###.....     11%         3    ###....


Dungeon Overview and Level Annotations

Branches:
Dungeon (5/15)             Temple (1/1) D:4

Altars:
Ashenzari
Cheibriados
Dithmenos
Elyvilon
Gozag
Hepliaklqana
Kikubaaqudgha
Makhleb
Nemelex Xobeh
Okawaru
Qazlal
Ru
Sif Muna
Trog
Uskayaw
Vehumet
Wu Jian
Xom
Yredelemnul
The Shining One

Annotations:
D:5 Prince Ribbit


Innate Abilities, Weirdness & Mutations

Your experience applies equally to all skills.
You have very sharp teeth.
Your uncanny sense of smell can sniff out nearby items.


Message History

You are very lightly contaminated with residual magic.
Nothing appears to happen.
Casting: Spectral Weapon (dangerous; 11% risk of failure)
Confirm with . or Enter, or press ? or * to list all spells.
You don't have enough magic to cast that spell.
Casting: Spectral Weapon (dangerous; 11% risk of failure)
Confirm with . or Enter, or press ? or * to list all spells.
You don't have enough magic to cast that spell.
Prince Ribbit hops awkwardly around.
Prince Ribbit barely misses you.
Prince Ribbit hops awkwardly around.
Prince Ribbit misses you. Prince Ribbit closely misses you.
Prince Ribbit barely misses you.
Prince Ribbit blinks!
Prince Ribbit lets out a mournful croak.
Prince Ribbit hits you. Prince Ribbit hits you!
* * * LOW HITPOINT WARNING * * *
Prince Ribbit hits you!
You die...

#....#####.# #.##.####
#........#.# #.##.....
+<#+#.#...#.# #.##..... ##
#.#...#.# #..#.....
#.#...#.# ##.#.....
#.#...#># #.......
#.#...#.#######......
#.#...#.........>....
##.###.#.#.@..##########....
### #......#.#.F..# ####+
..## #......#......# ...#
#......###....# .!.#
#......# #....# ... #......#
#....####
..####......###.........
..'.............######.#
..###......######


You could see Prince Ribbit.

Vanquished Creatures
  An ogre (D:4)
  A phantom (D:4)
  2 howler monkeys (D:4)
  A hound (D:4)
  2 orc wizards (D:4)
  2 worker ants
  A hound skeleton (D:4)
  A worker ant zombie (D:2)
  4 gnolls
  A howler monkey skeleton (D:5)
  3 adders
  A shadow imp (D:5)
  A white imp (D:5)
  An ufetubus (D:5)
  An ooze (D:2)
  A worm (D:4)
  A dart slug (D:1)
  2 leopard geckos
  10 orcs
  2 giant cockroaches (D:2)
  5 goblins
  13 hobgoblins
  8 jackals
  2 quokkas
  A ball python (D:4)
  7 bats
  2 frilled lizards
  A jackal zombie (D:5)
  13 kobolds
  11 rats
102 creatures vanquished.

Vanquished Creatures (others)
  A plant (D:4)
  A spectral weapon (D:5)
  4 toadstools (D:1)
6 creatures vanquished.

Grand Total: 108 creatures vanquished

Notes
Turn   | Place    | Note
-------+----------+-------------------------------------------
     0 | D:1      | keltmir the Gnoll Skald began the quest for the Orb.
     0 | D:1      | Reached XP level 1. HP: 20/20 MP: 6/6
   206 | D:1      | Reached XP level 2. HP: 23/26 MP: 7/7
  1164 | D:1      | Reached XP level 3. HP: 30/31 MP: 9/9
  1181 | D:1      | Reached skill level 5 in Spellcasting
  1636 | D:2      | Learned a level 3 spell: Spectral Weapon
  1768 | D:2      | Reached skill level 1 in Invocations
  1815 | D:2      | Found a shattered altar of Ashenzari.
  1926 | D:2      | You fall into a shaft and drop 2 floors!
  1942 | D:4      | Reached skill level 1 in Short Blades
  1942 | D:4      | Reached skill level 1 in Long Blades
  1942 | D:4      | Reached skill level 1 in Axes
  1942 | D:4      | Reached skill level 1 in Maces & Flails
  1942 | D:4      | Reached skill level 1 in Staves
  1942 | D:4      | Reached skill level 1 in Slings
  1942 | D:4      | Reached skill level 1 in Bows
  1942 | D:4      | Reached skill level 1 in Crossbows
  1942 | D:4      | Reached skill level 1 in Throwing
  1942 | D:4      | Reached skill level 1 in Stealth
  1942 | D:4      | Reached skill level 1 in Shields
  1942 | D:4      | Reached skill level 1 in Unarmed Combat
  1942 | D:4      | Reached skill level 1 in Evocations
  1942 | D:4      | Reached XP level 4. HP: 28/38 MP: 8/11
  1944 | D:4      | Reached skill level 1 in Conjurations
  1944 | D:4      | Reached skill level 1 in Hexes
  1944 | D:4      | Reached skill level 1 in Summonings
  1944 | D:4      | Reached skill level 1 in Necromancy
  1944 | D:4      | Reached skill level 1 in Translocations
  1944 | D:4      | Reached skill level 1 in Transmutations
  1944 | D:4      | Reached skill level 1 in Fire Magic
  1944 | D:4      | Reached skill level 1 in Ice Magic
  1944 | D:4      | Reached skill level 1 in Air Magic
  1944 | D:4      | Reached skill level 1 in Earth Magic
  1944 | D:4      | Reached skill level 1 in Poison Magic
  1951 | D:4      | Reached XP level 5. HP: 33/43 MP: 8/12
  2385 | D:3      | Upgraded the game from 0.26-a0-52-gd53d4cd058 to
                  | 0.26-a0-180-ge96aa7da28
  2451 | D:3      | Reached XP level 6. HP: 50/50 MP: 13/13
  2537 | D:3      | Found a burning altar of Makhleb.
  3382 | D:2      | Found a shimmering blue altar of Sif Muna.
  4011 | D:3      | Reached skill level 5 in Fighting
  4011 | D:3      | Reached skill level 5 in Polearms
  4011 | D:3      | Reached skill level 5 in Dodging
  4324 | D:4      | Noticed a phantom
  4541 | D:4      | Killed a phantom
  4541 | D:4      | Reached XP level 7. HP: 56/56 MP: 15/15
  4652 | D:4      | Found a staircase to the Ecumenical Temple.
  4662 | Temple   | Entered the Ecumenical Temple
  4822 | Temple   | Became a worshipper of Warmaster Okawaru
  5132 | D:5      | Entered Level 5 of the Dungeon
  5460 | D:5      | Noticed Prince Ribbit
  5490 | D:5      | Slain by Prince Ribbit

Illustrated notes

Levels and vault maps discovered:
D:1:      dpeg_arrival_water_fire, layout_loops_ring, minivault_25,
          minmay_gold_behind_fungi
D:2:      layout_basic, led_sif_pool, evilmike_ruin_ashenzari
D:3:      layout_basic, minmay_misc_feat_columns, bloody_makhleb
D:4:      layout_rooms, minmay_temple_entry_overgrown
D:5:      layout_basic, first_ration, uniq_prince_ribbit1
Temple:   eino_narrow_crystal_temple

Skill      XL: |  1  2  3  4  5  6  7 |
---------------+----------------------+-----
Spellcasting   | 5 |  5.6
Invocations    | 1 2 |  2.7
Short Blades   | 1 2 |  2.4
Long Blades    | 1 2 |  2.4
Axes           | 1 2 |  2.4
Maces & Flails | 1 2 |  2.4
Staves         | 1 2 |  2.4
Slings         | 1 2 |  2.4
Bows           | 1 2 |  2.4
Crossbows      | 1 2 |  2.4
Throwing       | 1 2 |  2.4
Stealth        | 1 2 |  2.4
Shields        | 1 2 |  2.4
Unarmed Combat | 1 2 |  2.4
Evocations     | 1 2 |  2.4
Conjurations   | 1 2 |  2.0
Hexes          | 1 2 |  2.0
Summonings     | 1 2 |  2.0
Necromancy     | 1 2 |  2.0
Translocations | 1 2 |  2.0
Transmutations | 1 2 |  2.0
Fire Magic     | 1 2 |  2.0
Ice Magic      | 1 2 |  2.0
Air Magic      | 1 2 |  2.0
Earth Magic    | 1 2 |  2.0
Poison Magic   | 1 2 |  2.0
Armour         | 3 |  3.6
Fighting       | 5 |  5.2
Polearms       | 5 |  5.2
Dodging        | 5 |  5.2
Charms         | |  5.8

Action                   |  1- 3 |  4- 6 |  7- 9 || total
-------------------------+-------+-------+-------++-------
Melee: Spear             |   157 |   153 |       ||   310
       Bite              |    12 |    18 |     5 ||    35
       Punch             |       |     3 |       ||     3
       Trident           |       |    54 |    51 ||   105
Throw: Boomerang         |       |       |     3 ||     3
 Cast: Infusion          |     5 |       |       ||     5
       Spectral Weapon   |     1 |    11 |     6 ||    18
  Use: Scroll            |     3 |     4 |     2 ||     9
 Stab: Sleeping          |     4 |     4 |       ||     8
  Eat: Chunk             |     3 |     8 |     3 ||    14
       Ration            |       |       |     1 ||     1
Armor: Leather armour    |    16 |    31 |     8 ||    55
Dodge: Dodged            |    74 |   128 |    44 ||   246

Table legend:
 A = Non-vault XP
 B = Vault XP
 C = Vault XP percentage of total XP
 D = Non-vault monster count
 E = Vault monster count
 F = Vault count percentage of total count
                 A         B        C        D         E       F
            +---------+---------+-------+---------+---------+-------
      Total |     860 |       0 |   0.0 |     102 |       0 |   0.0
            +---------+---------+-------+---------+---------+-------
        D:1 |      49 |       0 |   0.0 |      30 |       0 |   0.0
        D:2 |     102 |       0 |   0.0 |      23 |       0 |   0.0
        D:3 |      57 |       0 |   0.0 |      19 |       0 |   0.0
        D:4 |     605 |       0 |   0.0 |      24 |       0 |   0.0
        D:5 |      47 |       0 |   0.0 |       6 |       0 |   0.0
            +---------+---------+-------+---------+---------+-------
